 Dungeon Crawl Stone Soup version 0.23-a0-612-gcb482e9 (webtiles) character file.

14698 Borgoz the Protected (level 12, -4/105 HPs)
             Began as a Ghoul Abyssal Knight on Dec 21, 2018.
             Was a High Priest of Lugonu.
             Slain by an ice devil (8 damage)
             ... in an ice cave.
             The game lasted 00:31:00 (12084 turns).

Borgoz the Protected (Ghoul Abyssal Knight)        Turns: 12084, Time: 00:31:01

Health: -4/105     AC: 15    Str: 24    XL:     12   Next: 19%
Magic:  17/17      EV: 12    Int:  4    God:    Lugonu [*****.]
Gold:   146        SH:  0    Dex: 18    Spells: 11/11 levels left

rFire    + . .     SeeInvis .     - Unarmed
rCold    + + .     Gourm    .   (no shield)
rNeg     + + +     Faith    .   d - +1 plate armour of the King {rPois rF+ Str+7 Int-3}
rPois    ∞         Spirit   .   (no helmet)
rElec    .         Reflect  .   (no cloak)
rCorr    .         Harm     .   (no gloves)
MR       .....                  (no boots)
Stlth    ..........             (no amulet)
HPRegen  0.00/turn              x - +6 ring of dexterity
MPRegen  0.15/turn              R - ring of protection from cold

@: rotting
A: rotting body, claws 1, carnivore, cold resistance 1, negative energy
resistance 3, inhibited regeneration, torment resistance, unbreathing
a: Depart the Abyss, Bend Space, Banish, Corrupt, Enter the Abyss, Renounce
Religion


You were in an ice cave.
You worshipped Lugonu.
Lugonu was extremely pleased with you.
You were not hungry.

You visited 3 branches of the dungeon, and saw 14 of its levels.
You visited the Abyss 1 time.
You also visited: Ice Cave.

You collected 848 gold pieces.
You spent 702 gold pieces at shops.

Inventory:

Hand Weapons
 a - a +0 triple sword of freezing
 e - a +2 executioner's axe of freezing
Missiles
 l - 2 throwing nets (quivered)
Armour
 d - the +1 plate armour of the King (worn) {rPois rF+ Str+7 Int-3}
   (You found it on level 2 of the Abyss)

   It affects your strength (+7).
   It affects your intelligence (-3).
   It protects you from fire.
   It protects you from poison.
 O - the +2 leather armour of Plasticity {Slay+3, unknown}
   (You found it on level 10 of the Dungeon)

   It affects your accuracy and damage with ranged weapons and melee attacks
   (+3).
Jewellery
 x - a +6 ring of dexterity (left claw)
 N - an uncursed ring of see invisible
 R - a ring of protection from cold (right claw)
Wands
 o - a wand of disintegration (19)
 s - a wand of digging (10)
 u - a wand of flame (35)
 w - a wand of scattershot (4)
 I - a wand of polymorph (17)
 J - a wand of clouds (4)
Scrolls
 f - 4 scrolls of fear
 g - 2 scrolls of enchant armour
 h - 9 scrolls of remove curse
 n - 2 scrolls of enchant weapon
 z - 4 scrolls of blinking {unknown}
 A - a scroll of identify
 C - a scroll of noise {unknown}
 P - 2 scrolls of teleportation
Potions
 p - 3 potions of flight
 t - 7 potions of curing
 v - 2 potions of magic
 H - 2 potions of haste {unknown}
 M - 3 potions of heal wounds
Miscellaneous
 c - a sack of spiders
Comestibles
 b - 25 rations


   Skills:
 + Level 9.4 Fighting
 * Level 10.6 Armour
 + Level 7.2 Dodging
 + Level 9.0 Unarmed Combat
 + Level 9.0 Invocations


You had 11 spell levels left.
You didn't know any spells.
Your spell library contained the following spells:

 Spells                   Type           Power        Failure   Level  Hunger
 Animate Skeleton         Necr           N/A          99%         1    ##.....
 Apportation              Tloc           #.....       99%         1    ##.....
 Confusing Touch          Hex            #.....       99%         1    ##.....
 Summon Small Mammal      Summ           #...         99%         1    ##.....
 Sticks to Snakes         Tmut           #.......     100%        2    ###....
 Leda's Liquefaction      Hex/Erth       #.........   100%        4    #####..
 Bolt of Magma            Conj/Fire/Erth #.........   100%        5    ######.
 Iron Shot                Conj/Erth      #.........   100%        6    #######
 Shatter                  Erth           #.........   100%        9    #######
 Beastly Appendage        Tmut           Unusable     N/A         1    N/A
 Spider Form              Tmut/Pois      Unusable     N/A         3    N/A
 Ice Form                 Ice/Tmut       Unusable     N/A         4    N/A
 Blade Hands              Tmut           Unusable     N/A         5    N/A
 Statue Form              Tmut/Erth      Unusable     N/A         6    N/A

Dungeon Overview and Level Annotations

Branches:
Dungeon (11/15)            Temple (1/1) D:6            Lair (2/6) D:10
  Swamp (0/4) Lair:2
  Snake: Lair:2-4    Spider: Lair:2-4       Orc: D:9-12

Altars:
Ashenzari
Cheibriados
Dithmenos
Elyvilon
Fedhas
Gozag
Hepliaklqana
Kikubaaqudgha
Makhleb
Nemelex Xobeh
Okawaru
Qazlal
Ru
Sif Muna
Trog
Uskayaw
Vehumet
Wu Jian
Xom
Yredelemnul
Zin
The Shining One

Shops:
D:7 %   D:10 =


Innate Abilities, Weirdness & Mutations

Your body is rotting away.
You thrive on raw meat.
You are immune to poison.
You have sharp fingernails.
You are carnivorous and can eat meat at any time.
Your flesh is cold resistant. (rC+)
You are immune to negative energy. (rN+++)
You do not regenerate when monsters are visible.
You are immune to unholy pain and torment.
You can survive without breathing.


Message History

* * * LOW HITPOINT WARNING * * *
The ice devil hits you but does no damage.
You feel much better.
The ice devil hits you but does no damage. x3
The reaper hits you with a +1 scythe of freezing!
* * * LOW HITPOINT WARNING * * *
The reaper freezes you.
* * * LOW HITPOINT WARNING * * *
You feel much better. The ice devil closely misses you.
The ice devil hits you but does no damage.
The ice devil misses you.
You scratch the reaper.
The reaper is almost dead.
The ice devil closely misses you. x2
The reaper hits you with a +1 scythe of freezing!!
* * * LOW HITPOINT WARNING * * *
The reaper freezes you.
* * * LOW HITPOINT WARNING * * *
The ice devil hits you!
You die...

######§§.###
#.§.§§§§##
..§§§≈§.§###
##..§§§§§..###
#..####..§...##
.. § #.§§....##
.
§§.##.§.....##
§§§§##§..4...#
#§≈§§§§.2@..##
.§###§.44.##
#§§§§.#..###
#....§####
§§.§## ..## #


You could see a reaper and 3 ice devils.

Vanquished Creatures
  A centaur warrior (D:10)
  Erica (D:10)
  2 unseen horrors (D:10)
  Pikel (D:5)
  A manticore (D:7)
  A spiny frog (Lair:1)
  2 ice statues (IceCv)
  3 ice devils (IceCv)
  3 trolls
  3 hornets
  A hippogriff (D:10)
  14 yaks
  Menkaure (D:7)
  3 water moccasins
  An orc warrior (D:9)
  A sky beast (D:10)
  A slave (D:4)
  4 ice beasts
  2 black bears (D:10)
  An eye of draining (D:10)
  2 necrophages
  A phantom (D:6)
  4 wolves (D:10)
  3 centaurs
  7 ogres
  A crocodile (Lair:1)
  6 bullfrogs
  A big kobold (D:7)
  6 scorpions
  A wight (D:6)
  2 electric eels (D:10)
  5 howler monkeys
  A bullfrog zombie (D:5)
  14 crimson imps
  A quasit (D:8)
  3 orc priests
  A centaur zombie (D:3)
  6 hounds
  Jessica (D:2)
  6 orc wizards
  7 worker ants
  3 iguanas
  A hound zombie (D:5)
  2 hound skeletons
  9 adders
  A gnoll (D:5)
  3 shadow imps
  11 white imps (IceCv)
  6 ufetubi (IceCv)
  2 adder skeletons (D:10)
  4 worms
  A dart slug (D:1)
  6 leopard geckos
  19 orcs
  5 giant cockroaches
  3 goblins
  11 hobgoblins
  15 jackals
  7 quokkas
  A ball python (D:5)
  7 bats
  3 frilled lizards
  A jackal skeleton (D:4)
  7 kobolds
  A leopard gecko skeleton (D:4)
  A quokka zombie (D:6)
  4 rats
  A spectral orc (D:5)
261 creatures vanquished.

Vanquished Creatures (collateral kills)
  A slave (D:5)
  3 gnolls (D:5)
4 creatures vanquished.

Vanquished Creatures (others)
  2 two-headed ogres (D:10)
  A gargoyle (D:9)
  3 white imps (IceCv)
  2 ufetubi (IceCv)
8 creatures vanquished.

Grand Total: 273 creatures vanquished

Notes
Turn   | Place    | Note
-------+----------+-------------------------------------------
     0 | Abyss:1  | Borgoz the Ghoul Abyssal Knight began the quest for the
                  | Orb.
     0 | Abyss:1  | Reached XP level 1. HP: 19/19 MP: 1/1
    30 | Abyss:2  | Got a diamond-encrusted plate armour
    69 | Abyss:2  | Found a corrupted altar of Lugonu.
    87 | Abyss:2  | Noticed a smoke demon
    89 | D:1      | Escaped the Abyss
   114 | D:1      | Identified the cursed +1 plate armour of the King {rPois
                  | rF+ Str+7 Int-3} (You found it on level 2 of the Abyss)
   186 | D:1      | Reached skill level 1 in Dodging
   262 | D:1      | Reached skill level 2 in Armour
   438 | D:1      | Reached XP level 2. HP: 17/26 MP: 2/2
   447 | D:1      | Reached * piety under Lugonu
   678 | D:1      | Reached XP level 3. HP: 26/31 MP: 3/3
  1058 | D:2      | Noticed Jessica
  1065 | D:2      | Killed Jessica
  1280 | D:2      | Reached XP level 4. HP: 40/40 MP: 4/4
  1739 | D:3      | Reached skill level 3 in Armour
  1739 | D:3      | Reached XP level 5. HP: 39/46 MP: 6/6
  1791 | D:3      | Reached ** piety under Lugonu
  2405 | D:4      | Reached XP level 6. HP: 33/52 MP: 7/7
  2573 | D:4      | Found a bloodstained altar of Trog.
  2736 | D:4      | Reached skill level 4 in Armour
  2906 | D:4      | Reached XP level 7. HP: 55/60 MP: 8/8
  2957 | D:4      | Got a polished flail
  3014 | D:4      | Identified the cursed +0 flail of Mana {speed, rN+} (You
                  | found it on level 4 of the Dungeon)
  3053 | D:4      | Found a burning altar of Makhleb.
  3167 | D:5      | Entered Level 5 of the Dungeon
  3281 | D:5      | Noticed Pikel
  3402 | D:4      | Reached *** piety under Lugonu
  3573 | D:5      | Killed Pikel
  3573 | D:5      | Reached skill level 5 in Fighting
  3573 | D:5      | Reached skill level 5 in Armour
  3573 | D:5      | Reached XP level 8. HP: 58/68 MP: 8/10
  3599 | D:5      | Found a basalt altar of Yredelemnul.
  3797 | D:5      | Found a shimmering altar of Xom.
  4030 | D:5      | Found a glowing silver altar of Zin.
  4030 | D:5      | Found an opulent altar of Gozag.
  4409 | D:6      | Reached skill level 5 in Unarmed Combat
  4432 | D:6      | Reached skill level 5 in Invocations
  4522 | D:6      | Reached skill level 6 in Armour
  4676 | D:6      | Reached XP level 9. HP: 29/73 MP: 11/11
  5118 | D:6      | Found a staircase to the Ecumenical Temple.
  5131 | D:6      | Got a scorched ring mail
  5186 | Temple   | Entered the Ecumenical Temple
  5321 | D:6      | You fall through a shaft for 2 floors!
  5379 | D:7      | Reached **** piety under Lugonu
  5485 | D:7      | Noticed a manticore
  5497 | D:7      | Killed a manticore
  5497 | D:7      | Reached skill level 7 in Armour
  5655 | D:7      | Noticed Menkaure
  5665 | D:7      | Killed Menkaure
  5786 | D:7      | Found Qurrixta's Food Shop.
  5793 | D:7      | Noticed a hornet
  6064 | D:6      | Killed a hornet
  6415 | D:7      | Reached skill level 5 in Dodging
  6415 | D:7      | Reached XP level 10. HP: 86/86 MP: 13/13
  6528 | D:7      | Found a stormy altar of Qazlal.
  6775 | D:8      | Found a blossoming altar of Fedhas.
  6778 | D:8      | Found a sparkling altar of Nemelex Xobeh.
  6781 | D:8      | Found a snail-covered altar of Cheibriados.
  7105 | D:7      | Identified the +3 ring mail of Space {Regen+} (You found it
                  | on level 6 of the Dungeon)
  7688 | D:8      | Reached skill level 8 in Armour
  7990 | D:9      | Noticed a gargoyle
  8037 | D:9      | Found a hazy altar of Hepliaklqana.
  8190 | D:9      | Reached ***** piety under Lugonu
  8373 | D:9      | Banished a gargoyle
  8543 | D:9      | Found an ancient bone altar of Kikubaaqudgha.
  8932 | D:10     | Entered Level 10 of the Dungeon
  8961 | D:10     | Noticed an unseen horror
  8975 | D:10     | Killed an unseen horror
  8998 | D:10     | Reached skill level 9 in Armour
  9026 | D:10     | Noticed a two-headed ogre
  9030 | D:10     | Banished a two-headed ogre
  9030 | D:10     | Reached XP level 11. HP: 83/92 MP: 15/15
  9091 | D:10     | Found a glowing golden altar of the Shining One.
  9162 | D:10     | Noticed a two-headed ogre
  9167 | D:10     | Banished a two-headed ogre
  9215 | D:10     | Noticed a centaur warrior
  9231 | D:10     | Killed a centaur warrior
  9393 | D:10     | Got a crude leather armour
  9477 | D:10     | Found a staircase to the Lair.
  9554 | D:10     | Noticed an unseen horror
  9585 | D:10     | Killed an unseen horror
  9765 | D:10     | Got an iridescent trident
  9803 | D:10     | Found Ycuczu's Jewellery Boutique.
  9806 | D:10     | Bought a +6 ring of dexterity for 702 gold pieces
  9957 | Lair:1   | Entered Level 1 of the Lair of Beasts
  9957 | Lair:1   | Noticed Erica
 10062 | Lair:1   | Noticed a six-headed hydra
 10082 | D:10     | Killed Erica
 10102 | D:10     | Banished a six-headed hydra
 10102 | D:10     | Reached skill level 10 in Armour
 10557 | Lair:1   | Reached XP level 12. HP: 32/104 MP: 17/17
 11251 | Lair:2   | Found a frozen archway.
 11272 | IceCv    | Entered an ice cave
 12065 | IceCv    | Noticed a reaper
 12084 | IceCv    | HP: 4/105 [reaper/+1 scythe of freezing (2)]
 12084 | IceCv    | Slain by an ice devil

Vault maps used:
D:1:      minmay_arrival_split_and_join
D:2:      uniq_jessica
D:3:      first_ration, minmay_distorted
D:4:      minmay_bubble_buster, marbit_many_paths, makhleb_blood_cavern_becter
D:5:      grunt_temple_overflow_gold_and_silver,
          yredelemnul_forgotten_temple_becter, led_xom_imps, uniq_pikel
D:6:      minmay_opposing_rooms, minmay_temple_entry_arrows, minmay_diced_spiral
D:7:      nicolae_qazlal_style_of_elements, serial_shops, nicolae_shop_crystal,
          dk_noncrumbling_3, uniq_menkaure
D:8:      grunt_temple_overflow_diamond
D:9:      kennysheep_mini, lemuel_round_altar, serial_glass, glass_columns_a,
          glass_columns_a, glass_columns_a, glass_columns_b, glass_columns_a,
          glass_columns_b, glass_columns_b, glass_columns_c, glass_columns_b,
          glass_columns_a
D:10:     erik_lair_island, serial_shops, kennysheep_mini_moat,
          hangedman_pestilent_swarm, nicolae_tso_swordbearing_angel
D:11:     tgw_fedhas
Temple:   nicolae_temple_hex_pool
Lair:1:   chequers_serial_rivers_marsh, chequers_serial_rivers_micro_a,
          uniq_erica
Lair:2:   nicolae_swamp_entry_splash_gauntlet, portal_ice_cave_entry_pillars_1,
          chequers_serial_rivers_small_a, uniq_nergalle
Abyss:2:  hangedman_abyss_lost_library
IceCv:    ice_cave_small_demon

Skill      XL: |  1  2  3  4  5  6  7  8  9 10 11 12 |
---------------+-------------------------------------+-----
Dodging        | 1 2 3 4 5 6 7 |  7.2
Armour         | 2 3 4 5 6 7 9 10 | 10.6
Unarmed Combat | 3 4 5 6 7 8 9 |  9.0
Fighting       | 4 5 7 8 9 |  9.4
Invocations    | 3 4 5 6 7 8 9 |  9.0

Action                   |  1- 3 |  4- 6 |  7- 9 | 10-12 || total
-------------------------+-------+-------+-------+-------++-------
Melee: Unarmed           |    99 |   273 |   213 |   657 ||  1242
       Punch             |     1 |     4 |     6 |    24 ||    35
       Flail             |       |       |   158 |       ||   158
Invok: Depart the Abyss  |     1 |       |       |       ||     1
       Banish            |       |       |       |     5 ||     5
Evoke: Sack of spiders   |       |       |     3 |       ||     3
       Wand              |       |       |     1 |       ||     1
  Use: Scroll            |       |    13 |     3 |     9 ||    25
       Potion            |       |       |     3 |     3 ||     6
 Stab: Invisible         |       |       |       |     2 ||     2
  Eat: Chunk             |     6 |    13 |    14 |    48 ||    81
       Ration            |       |       |       |     1 ||     1
Armor: Plate armour      |    82 |   139 |   200 |   323 ||   744
Dodge: Dodged            |    35 |    66 |   119 |   370 ||   590

Table legend:
 A = Non-vault XP
 B = Vault XP
 C = Vault XP percentage of total XP
 D = Non-vault monster count
 E = Vault monster count
 F = Vault count percentage of total count
                 A         B        C        D         E       F
            +---------+---------+-------+---------+---------+-------
      Total |   14745 |    6253 |  29.8 |     200 |      67 |  25.1
            +---------+---------+-------+---------+---------+-------
        D:1 |      35 |       0 |   0.0 |      20 |       0 |   0.0
        D:2 |      73 |      37 |  33.6 |      13 |       1 |   7.1
        D:3 |     124 |       3 |   2.4 |      16 |       2 |  11.1
        D:4 |     126 |     277 |  68.7 |      13 |      12 |  48.0
        D:5 |     264 |     705 |  72.8 |      13 |       6 |  31.6
        D:6 |    1325 |     588 |  30.7 |      18 |      11 |  37.9
        D:7 |    1176 |     172 |  12.8 |      18 |       1 |   5.3
        D:8 |     944 |       0 |   0.0 |      15 |       0 |   0.0
        D:9 |    1996 |       0 |   0.0 |      21 |       0 |   0.0
       D:10 |    7697 |    2374 |  23.6 |      47 |      12 |  20.3
       D:11 |       3 |       0 |   0.0 |       1 |       0 |   0.0
     Lair:1 |     982 |       0 |   0.0 |       5 |       0 |   0.0
      IceCv |       0 |    2097 | 100.0 |       0 |      22 | 100.0
            +---------+---------+-------+---------+---------+-------
